 Dungeon Crawl Stone Soup version 0.27.1-33-g824d729ab1 (webtiles) character file.

Game seed: 4558240401769694910

1573 MisterFreud the Ducker (level 8, -8/60 HPs)
             Began as a Mummy Conjurer on Dec 30, 2021.
             Was a Priest of Kikubaaqudgha.
             Killed from afar by an oklob plant (13 damage)
             ... with a splash of acid
             ... on level 6 of the Dungeon.
             The game lasted 00:14:03 (7249 turns).

MisterFreud the Ducker (Mummy Conjurer)             Turns: 7249, Time: 00:14:03

Health: -8/60      AC: -6    Str: 10    XL:     8   Next: 59%
Magic:  15/15      EV: 13    Int: 20    God:    Kikubaaqudgha [***...]
Gold:   209        SH:  0    Dex: 10    Spells: 10/17 levels left

rFire    . . .     SeeInvis .   g - +3 short sword (elec)
rCold    + . .     Faith    .   (no shield)
rNeg     + + +     Spirit   .   a - +0 robe
rPois    ∞         Reflect  .   (no helmet)
rElec    .         Harm     .   (no cloak)
rCorr    .         Rampage  .   (no gloves)
Will     +....                  (no boots)
Stlth    ++........             (no amulet)
HPRegen  0.20/turn              h - ring of protection from fire
MPRegen  0.14/turn              l - +4 ring of slaying

@: about to teleport, corroded
A: cold resistance 1, negative energy resistance 3, torment resistance 2, heat
vulnerability 1, no potions
a: Renounce Religion, Receive Corpses


You were on level 6 of the Dungeon.
You worshipped Kikubaaqudgha.
Kikubaaqudgha was most pleased with you.
You visited 1 branch of the dungeon, and saw 6 of its levels.

You collected 322 gold pieces.
You spent 113 gold pieces at shops.

Inventory:

Hand Weapons
 b - a +0 dagger
 c - a +1 whip of venom
 g - a +3 short sword of electrocution (weapon)
 r - a +1 vampiric rapier
Armour
 a - a +0 robe (worn)
Jewellery
 d - a +6 ring of strength
 h - a ring of protection from fire (left hand)
 l - a +4 ring of slaying (right hand)
 m - a ring of fire
 n - a ring of resist corrosion
 q - a ring of see invisible
Scrolls
 e - a scroll of holy word
 f - a scroll of enchant armour
 i - a scroll of teleportation
 j - 2 scrolls of brand weapon
 k - a scroll of vulnerability
 o - 2 scrolls of immolation
 p - 2 scrolls of fear


   Skills:
 - Level 4.0 Fighting
 + Level 6.2 Dodging
 - Level 1.5 Stealth
 - Level 5.0 Spellcasting
 - Level 4.0 Conjurations
 - Level 5.0 Necromancy


You had 10 spell levels left.
You knew the following spells:

 Your Spells              Type           Power      Damage    Failure   Level
a - Magic Dart            Conj           84%        1d7       2%          1
b - Searing Ray           Conj           42%        3d4       3%          2
c - Vampiric Draining     Necr           12%        2d7       4%          3
d - Animate Skeleton      Necr           50%        N/A       1%          1

Your spell library contained the following spells:

 Spells                   Type           Power      Damage    Failure   Level
 Pain                     Necr           100%       1d9       1%          1
 Corpse Rot               Necr/Air       N/A        N/A       6%          2
 Dispel Undead            Necr           25%        3d12      14%         4
 Dazzling Flash           Conj/Hex       26%        N/A       16%         3
 Excruciating Wounds      Necr           12%        N/A       38%         5
 Fulminant Prism          Conj/Hex       6%         3d7       45%         4
 Iskenderun's Mystic Bla  Conj/Tloc      13%        2d5       45%         4
 Animate Armour           Summ/Erth      10%        N/A       75%         4
 Borgnjor's Vile Clutch   Necr/Erth      7%         N/A       75%         5
 Death Channel            Necr           12%        N/A       92%         6
 Simulacrum               Ice/Necr       7%         N/A       99%         6
 Iron Shot                Conj/Erth      6%         9d2       100%        6
 Blade Hands              Tmut           Unusable   N/A       N/A         5

Dungeon Overview and Level Annotations

Branches:
Dungeon (6/15)             Temple (0/1) D:6

Altars:
Kikubaaqudgha
Qazlal
Sif Muna
Vehumet

Shops:
D:3 ***==

Annotations:
D:6 exclusion: oklob plant


Innate Abilities, Weirdness & Mutations

You are immune to poison.
Your flesh is cold resistant. (rC+)
You are immune to negative energy. (rN+++)
You are immune to unholy pain and torment.
You are vulnerable to heat. (rF-)
You do not drink.


Message History

t - Shout!
Orders for allies: a - Attack new target. r - Retreat! s - Stop attacking. g - Guard the area. f - Follow me.
Anything else - Cancel.
You shout for attention!
You start resting.
An endoplasm is nearby!
You start resting.
An endoplasm is nearby!
The endoplasm quivers.
You puncture the endoplasm!
Lightning courses through the endoplasm!
You kill the endoplasm!
Kikubaaqudgha accepts your kill.
Really walk into a travel-excluded area?
Found a glowing green potion.
The endoplasm quivers.
The oklob plant spits acid at you. The splash of acid hits you!
The acid corrodes you!
You are splashed with acid!
The oklob plant spits acid at you. The splash of acid hits you!
The acid corrodes you!
You are splashed with acid!
* * * LOW HITPOINT WARNING * * *
Unknown command.
Unknown command.
Unknown command.
You can't drink.
Unknown command.
Unknown command.
Unknown command.
Unknown command.
Unknown command.
You aren't carrying any items that you can evoke.
Unknown command.
As you read the scroll of teleportation, it crumbles to dust.
You feel strangely unstable. The oklob plant spits acid at you.
The splash of acid hits you!
You die...
Kikubaaqudgha rasps: "You have failed me!
Welcome... oblivion!"

# ##### #..#.
#### #....
###...### ##...
#...J...####
#....
#...P..@...#
###...
#.......##.#
#.....
###!..####.#
#...## #### #.#
#...## #.#
##...# #.#
###.... #.#
#...#.8
#.#######..#...
#..........#8.>


You could see an oklob plant and an endoplasm.

Vanquished Creatures
  Eustachio (D:6)
  2 sky beasts
  2 ogres
  A kobold brigand (D:5)
  A bullfrog (D:6)
  2 scorpions (D:4)
  2 howler monkeys
  A bullfrog zombie (D:6)
  A centaur zombie (D:5)
  2 hounds
  An orc priest (D:6)
  4 jellies (D:6)
  2 bullfrog skeletons
  Jessica (D:2)
  A centaur skeleton (D:6)
  5 iguanas
  A killer bee zombie (D:6)
  2 hound skeletons
  2 howler monkey zombies (D:5)
  2 adders
  2 river rats (D:3)
  A shadow imp (D:5)
  2 white imps
  An ufetubus (D:5)
  2 worms
  3 dart slugs
  9 orcs
  10 ball pythons
  19 endoplasms
  3 giant cockroaches
  A goblin (D:2)
  3 hobgoblins (D:2)
  11 kobolds
  4 quokkas
  10 bats
  2 frilled lizards
  A jackal skeleton (D:4)
  3 rats
123 creatures vanquished.

Vanquished Creatures (others)
  5 fungi (D:6)
5 creatures vanquished.

Grand Total: 128 creatures vanquished

Notes
Turn   | Place    | Note
-------+----------+-------------------------------------------
     0 | D:1      | MisterFreud the Mummy Conjurer began the quest for the Orb.
     0 | D:1      | Reached XP level 1. HP: 13/13 MP: 4/4
   270 | D:1      | Reached XP level 2. HP: 19/19 MP: 0/6
   273 | D:1      | Learned a level 2 spell: Searing Ray
   983 | D:1      | Found a faded altar of an unknown god.
  1078 | D:1      | Became a worshipper of Kikubaaqudgha
  1078 | D:1      | Reached * piety under Kikubaaqudgha
  1078 | D:1      | Received a gift from Kikubaaqudgha
  1386 | D:2      | Reached XP level 3. HP: 24/24 MP: 5/7
  1637 | D:2      | Noticed Jessica
  1642 | D:2      | Killed Jessica
  1819 | D:3      | Found Laefotad's Assorted Antiques.
  1827 | D:3      | Bought a scroll labelled ORELOE KYDGH for 29 gold pieces
  1827 | D:3      | Bought a scroll labelled LYUFUY XAQE for 29 gold pieces
  1829 | D:3      | Found Feylu's General Store.
  1862 | D:3      | Reached XP level 4. HP: 30/30 MP: 3/10
  1866 | D:3      | Learned a level 3 spell: Vampiric Draining
  1926 | D:3      | Found Zytete's General Store.
  1934 | D:3      | Bought a scroll of identify for 22 gold pieces
  2177 | D:3      | Found Xoggeh's Jewellery Shop.
  2376 | D:3      | Bought a scroll of teleportation for 33 gold pieces
  2721 | D:3      | Found Zilete's Jewellery Boutique.
  2794 | D:3      | Reached ** piety under Kikubaaqudgha
  2796 | D:3      | Reached skill level 1 in Necromancy
  3101 | D:4      | Reached skill level 5 in Spellcasting
  3185 | D:4      | Reached XP level 5. HP: 31/35 MP: 6/12
  3621 | D:4      | Reached XP level 6. HP: 28/41 MP: 6/13
  3938 | D:5      | Entered Level 5 of the Dungeon
  4049 | D:5      | Reached skill level 5 in Necromancy
  4316 | D:5      | Reached skill level 2 in Dodging
  4567 | D:5      | Noticed a sky beast
  4578 | D:5      | Killed a sky beast
  4579 | D:5      | Reached skill level 3 in Dodging
  4579 | D:5      | Reached XP level 7. HP: 28/46 MP: 6/14
  4729 | D:5      | Found an ancient bone altar of Kikubaaqudgha.
  4821 | D:5      | Reached skill level 4 in Dodging
  4905 | D:5      | Found a stormy altar of Qazlal.
  4905 | D:5      | Found a radiant altar of Vehumet.
  5363 | D:5      | Found a shimmering blue altar of Sif Muna.
  5886 | D:6      | Reached skill level 5 in Dodging
  5958 | D:6      | Noticed Eustachio
  5973 | D:6      | Killed Eustachio
  5974 | D:6      | Reached XP level 8. HP: 30/57 MP: 1/15
  6606 | D:6      | Learned a level 1 spell: Animate Skeleton
  6794 | D:6      | Found a staircase to the Ecumenical Temple.
  7046 | D:6      | Reached *** piety under Kikubaaqudgha
  7046 | D:6      | Received a gift from Kikubaaqudgha
  7082 | D:6      | Noticed an oklob plant
  7090 | D:6      | Reached skill level 6 in Dodging
  7249 | D:6      | Killed from afar by an oklob plant

Illustrated notes

Levels and vault maps discovered:
D:1:      roderic_dead_forest, layout_basic,
          dreamdust_ecumenical_altar_hidden_monk_grotto,
          chequers_decorated_corner, feat_on_display
D:2:      layout_basic, uniq_jessica
D:3:      layout_basic, serial_shops, shop_fountains, shop,
          nicolae_shop_overgrown_old_shop, nicolae_square_shop,
          nicolae_square_shop, portal_sewer_entry_e
D:4:      layout_cave_pools, serial_park, serial_park_paths
          [serial_park_minivault_5x5_7], serial_park_tiny_2, serial_park_avenue1
D:5:      layout_basic, nicolae_sif_muna_little_library,
          mainiacjoe_overflow_concentric_impassable,
          mainiacjoe_overflow_divided_tiny, serial_park_tiny_1, hex_medium
D:6:      lemuel_slime, layout_cave_pools, minmay_temple_entry_statues_pillars,
          grunt_decor_junction, uniq_eustachio

Skill      XL: |  1  2  3  4  5  6  7  8 |
---------------+-------------------------+-----
Spellcasting   | 3 4 5 |  5.0
Conjurations   | 4 |  4.0
Necromancy     | 2 4 5 |  5.0
Dodging        | 3 5 6 |  6.2
Fighting       | 2 4 |  4.0
Stealth        | |  1.5

Action                   |  1- 3 |  4- 6 |  7- 9 || total
-------------------------+-------+-------+-------++-------
Melee: Unarmed           |     1 |       |       ||     1
       Whip              |     2 |       |       ||     2
       Short sword       |       |     9 |    64 ||    73
 Cast: Magic Dart        |    52 |    33 |     2 ||    87
       Searing Ray       |     6 |    20 |    35 ||    61
  Use: Scroll            |       |     8 |     2 ||    10
Armor: Robe              |     1 |     6 |    11 ||    18
Dodge: Dodged            |     6 |    18 |    88 ||   112
